 Dungeon Crawl Stone Soup version 0.28-a0-983-g1de4e0787c (webtiles) character file.

Game seed: 16614259107997003217

55 Decritt the Gusty (level 3, -1/20 HPs)
             Began as a Tengu Air Elementalist on Dec 3, 2021.
             Slain by Sigmund (11 damage)
             ... on level 2 of the Dungeon.
             The game lasted 00:02:53 (2282 turns).

Decritt the Gusty (Tengu Air Elementalist)          Turns: 2282, Time: 00:02:54

Health: -1/20      AC:  2    Str:  8    XL:     3   Next: 93%
Magic:  0/7        EV: 12    Int: 17    God:
Gold:   46         SH:  0    Dex: 14    Spells: 5/6 levels left

rFire   . . .      SeeInvis .   b - +0 short sword
rCold   . . .      Faith    .   (no shield)
rNeg    . . .      Spirit   .   a - +0 robe
rPois   .          Reflect  .   (helmet restricted)
rElec   .          Harm     .   (no cloak)
rCorr   .          Rampage  .   (no gloves)
Will    .....                   (boots unavailable)
Stlth   ++........              (no amulet)
HPRegen 0.06/turn               (no ring)
MPRegen 0.10/turn               (no ring)

@: no status effects
A: beak, talons 3
a: no special abilities


You were on level 2 of the Dungeon.
You visited 1 branch of the dungeon, and saw 2 of its levels.

You collected 46 gold pieces.

Inventory:

Hand Weapons
 b - a +0 short sword (weapon)
Missiles
 d - a poisoned dart (quivered)
Armour
 a - a +0 robe (worn)
Potions
 c - 2 potions of might {unknown}
 e - a potion of curing {unknown}


   Skills:
 + Level 1.2 Fighting
 - Level 2.1 Dodging
 - Level 2.0 Stealth
 + Level 2.4 Spellcasting
 + Level 2.6 Conjurations
 * Level 4.9 Air Magic


You had 5 spell levels left.
You knew the following spells:

 Your Spells              Type           Power      Damage    Failure   Level
a - Shock                 Conj/Air       60%        1d6       3%          1

Your spell library contained the following spells:

 Spells                   Type           Power      Damage    Failure   Level
 Static Discharge         Conj/Air       15%        N/A       6%          2
 Swiftness                Air            19%        N/A       7%          3
 Airstrike                Air            9%         N/A       24%         4
 Stone Arrow              Conj/Erth      12%        3d7       32%         3
 Animate Armour           Summ/Erth      4%         N/A       88%         4
 Lehudib's Crystal Spear  Conj/Erth      3%         10d2      100%        8


Dungeon Overview and Level Annotations

Branches:
Dungeon (2/15)

Altars:

Annotations:
D:2 Sigmund


Innate Abilities, Weirdness & Mutations

You have a beak for a mouth.
You have claws for feet.


Message History

The adder zombie barely misses you.
There is a stone staircase leading up here.
Casting: Shock (safe; 3% risk of failure)
Confirm with . or Enter, or press ? or * to list all spells.
Aiming: Shock (safe; 3% risk of failure)
Press: ? - help, Shift-Dir - straight line, f - adder zombie
Aim: an adder zombie (moderately damaged, 71% to hit)
The zap misses the adder zombie.
The adder zombie barely misses you.
Casting: Shock (safe; 3% risk of failure)
Confirm with . or Enter, or press ? or * to list all spells.
Aiming: Shock (safe; 3% risk of failure)
Press: ? - help, Shift-Dir - straight line, f/p - adder zombie
Aim: an adder zombie (moderately damaged, 71% to hit)
The zap hits the adder zombie.
The adder zombie is severely damaged.
The adder zombie closely misses you.
Casting: Shock (safe; 3% risk of failure)
Confirm with . or Enter, or press ? or * to list all spells.
Aiming: Shock (safe; 3% risk of failure)
Press: ? - help, Shift-Dir - straight line, f/p - adder zombie
Aim: an adder zombie (severely damaged, 71% to hit)
The zap misses the adder zombie.
The adder zombie bites you. Something hits you!
* * * LOW HITPOINT WARNING * * *
The adder zombie barely misses you.
Casting: Shock (safe; 3% risk of failure)
Confirm with . or Enter, or press ? or * to list all spells.
Aiming: Shock (safe; 3% risk of failure)
Press: ? - help, Shift-Dir - straight line, f/p - adder zombie
Aim: an adder zombie (severely damaged, 71% to hit)
The zap hits the adder zombie.
The adder zombie is almost destroyed.
The adder zombie completely misses you.
Casting: Shock (safe; 3% risk of failure)
Confirm with . or Enter, or press ? or * to list all spells.
You don't have enough magic to cast this spell.
Unknown command.
Something hits you!
Ouch! That really hurt!
You die...

#... ##..#
##...## #.....
### ## #...# ..
.. ##..# .#
#.#...###.###รท.(
#.....@Z.....(.
###.###########
#.#
######.#######
#.............
######
#.####..#####.
.....# #.# #..#
####.###.####..#
...............#


You could see an adder zombie.

Vanquished Creatures
  A gnoll (D:1)
  An adder (D:2)
  An adder zombie (D:2)
  A dart slug (D:1)
  5 ball pythons
  5 bats
  3 endoplasms
  A giant cockroach (D:1)
  6 goblins (D:1)
  2 hobgoblins
  A kobold (D:1)
  2 rats (D:1)
29 creatures vanquished.

Vanquished Creatures (others)
  3 fungi (D:1)
3 creatures vanquished.

Grand Total: 32 creatures vanquished

Notes
Turn   | Place    | Note
-------+----------+-------------------------------------------
     0 | D:1      | Decritt the Tengu Air Elementalist began the quest for the
                  | Orb.
     0 | D:1      | Reached XP level 1. HP: 10/10 MP: 4/4
   243 | D:1      | Reached XP level 2. HP: 6/16 MP: 0/6
   592 | D:1      | Reached XP level 3. HP: 17/20 MP: 7/7
   872 | D:1      | Found a faded altar of an unknown god.
  1054 | D:1      | Reached skill level 1 in Fighting
  2010 | D:2      | Noticed Sigmund
  2282 | D:2      | Slain by Sigmund

Illustrated notes

Levels and vault maps discovered:
D:1:      nzn_arrival_settlement, layout_basic, shapermc_ecumenical_altar_ellora
D:2:      layout_loops_corners, serial_undead, serial_undead_c, serial_undead_a,
          serial_undead_a, serial_undead_f, uniq_natasha, uniq_sigmund

Skill      XL: |  1  2  3 |
---------------+----------+-----
Conjurations   | 2 |  2.6
Fighting       | 1 |  1.2
Dodging        | |  2.1
Stealth        | |  2.0
Spellcasting   | |  2.4
Air Magic      | |  4.9

Action                   || total
-------------------------++-------
Melee: Short sword       ||    49
       Unarmed           ||     3
       Kick              ||     9
       Peck              ||     6
Throw: Dart              ||    40
 Cast: Shock             ||    31
Armor: Robe              ||    15
Dodge: Dodged            ||    47

Table legend: (Time is in decaauts)
 A = Elapsed time spent in this place.
 B = Non-inter-level travel time spent in this place.
 C = Inter-level travel time spent in this place.
 D = Time resting spent in this place.
 E = Time spent auto-exploring this place.
 F = Levels seen in this place.
 G = Mean time per level.
                   A        B        C        D        E       F      G
               +--------+--------+--------+--------+--------+-----+--------+
         Total |   2288 |   2223 |     65 |    754 |   1238 |   2 | 1144.0 |
       Dungeon |   2288 |   2223 |     65 |    754 |   1238 |   2 | 1144.0 |
               +--------+--------+--------+--------+--------+-----+--------+

Top non-repeatable levels by time:
     D:1: 1597 daAuts
     D:2: 690 daAuts
